 Dungeon Crawl Stone Soup version 0.31-a0-204-g7da18cac08 (webtiles) character file.

Game seed: 12097384422765319674

41 qw the Shooter (level 3, -7/20 HPs)
             Began as a Deep Elf Hunter on June 27, 2023.
             Mangled by a gnoll
             ... wielding a +0 halberd
              (11 damage)
             ... on level 2 of the Dungeon.
             The game lasted 00:00:19 (566 turns).

qw the Shooter (Deep Elf Hunter)                     Turns: 566, Time: 00:00:19

Health: -7/20      AC:  5    Str: 10    XL:     3   Next: 32%
Magic:  5/5        EV: 12    Int: 13    God:
Gold:   69         SH:  0    Dex: 18    Spells: 2/2 levels left

rFire   . . .        Y - +0 shortbow
rCold   . . .        (shield currently unavailable)
rNeg    . . .        c - +0 leather armour
rPois   .            f - +1 hat {SInv}
rElec   .            (no cloak)
rCorr   .            (no gloves)
SInv    +            g - +0 pair of boots
Will    .....        (no amulet)
Stlth   ++           (no ring)
HPRegen 0.23/turn    (no ring)
MPRegen 0.09/turn

%: no passive effects
@: no status effects
A: no striking features
a: no special abilities


You were on level 2 of the Dungeon.
You visited 1 branch of the dungeon, and saw 2 of its levels.

You collected 69 gold pieces.


   Skills:
 - Level 1.5 Fighting
 + Level 6.9 Ranged Weapons
 - Level 2.4 Dodging
 - Level 1.2 Stealth


You had 2 spell levels left.
You didn't know any spells.
Your spell library was empty.

Inventory:

Hand Weapons
 Y - a +0 shortbow (weapon)
Armour
 c - a +0 leather armour (worn)
 f - a +1 hat of see invisible (worn)
 g - a +0 pair of boots (worn)
Scrolls
 b - a scroll of enchant weapon {unknown}
 e - a scroll of identify
Potions
 a - a potion of mutation {unknown}

Dungeon Overview and Level Annotations

Branches:
Dungeon (2/15)

Altars:


Message History

You hear a shout!
A gnoll comes into view. It is wielding a +0 spear.
A hobgoblin comes into view.
You shoot an arrow. The arrow closely misses the hobgoblin.
The gnoll shouts!
You shoot an arrow.
The arrow hits the hobgoblin but does no damage.
You shoot an arrow. The arrow barely misses the hobgoblin.
The hobgoblin hits you.
You shoot an arrow.
The arrow hits the hobgoblin but does no damage.
The hobgoblin misses you.
You shoot an arrow. The arrow hits the gnoll.
The gnoll is severely wounded.
The gnoll hits you with a +0 flail!
The hobgoblin hits you but does no damage.
You shoot an arrow. The arrow hits the gnoll!
You kill the gnoll!
The gnoll barely misses you. The hobgoblin barely misses you.
You shoot an arrow.
The arrow hits the hobgoblin but does no damage.
The hobgoblin hits you. The gnoll barely misses you.
You shoot an arrow. The arrow hits the hobgoblin.
You kill the hobgoblin!
The gnoll completely misses you. The gnoll barely misses you.
You shoot an arrow. The arrow hits the gnoll.
The gnoll is moderately wounded.
The gnoll hits you from afar with a +0 halberd.
The gnoll hits you but does no damage.
You shoot an arrow. The arrow barely misses the gnoll.
The gnoll hits you from afar with a +0 spear.
The gnoll barely misses you.
You shoot an arrow. The arrow closely misses the gnoll.
The gnoll closely misses you. The gnoll barely misses you.
The gnoll misses you.
The gnoll hits you from afar with a +0 halberd.
You shoot an arrow. The arrow barely misses the gnoll.
The gnoll closely misses you.
The gnoll hits you from afar with a +0 halberd!
Ouch! That really hurt!
You die...

#####.#
#.# #.
#.# ..
#.# .#
#.# .#
#.###.#
#.##gg
#.##)#
#.##@#
#...%#
####.#
....
.#.###
..#..
#. #.#
#. ..#
# ###


You could see 2 gnolls.

Vanquished Creatures
  A gnoll (D:2)
  2 dart slugs
  A ball python (D:1)
  2 bats (D:1)
  4 endoplasms
  3 goblins (D:1)
  3 hobgoblins
  5 kobolds
  A frilled lizard (D:1)
  4 rats (D:1)
26 creatures vanquished.

Notes
Turn   | Place    | Note
-------+----------+-------------------------------------------
     0 | D:1      | qw the Deep Elf Hunter began the quest for the Orb.
     0 | D:1      | Reached XP level 1. HP: 12/12 MP: 3/3
     0 | D:1      | 0 ||| qw: Version: 0.3-a-22-g0ed2b0b
     0 | D:1      | 0 ||| qw: Game counter: 6624
     0 | D:1      | 0 ||| qw: Melee chars always use a shield: true
     0 | D:1      | 0 ||| qw: God list: Okawaru
     0 | D:1      | 0 ||| qw: Allow faded altars: false
     0 | D:1      | 0 ||| qw: Do Orc after clearing Dungeon:15 true
     0 | D:1      | 0 ||| qw: Do second Lair branch before Depths: true
     0 | D:1      | 0 ||| qw: Lair rune preference: random
     0 | D:1      | 0 ||| qw: Goals: Normal
     0 | D:1      | 0 ||| PLANNING D:1-11
    59 | D:1      | Reached XP level 2. HP: 16/16 MP: 4/4
    66 | D:1      | Reached skill level 6 in Ranged Weapons
   162 | D:1      | Found a faded altar of an unknown god.
   167 | D:1      | 167 ||| Stepping ~*~*~tactically~*~*~ (outnumbered).
   170 | D:1      | 170 ||| Stepping ~*~*~tactically~*~*~ (outnumbered).
   480 | D:1      | 480 ||| UPGRADING to +1 hat of see invisible.
   485 | D:1      | 485 ||| UPGRADING to +0 pair of boots.
   490 | D:1      | 490 ||| READING scroll labelled LUARIA XULOEKK.
   491 | D:1      | 491 ||| READING 2 scrolls labelled GAUNIN DEIFEE.
   492 | D:1      | 492 ||| READING 3 scrolls labelled OKIORE GANOZEU.
   493 | D:1      | 493 ||| READING scroll labelled LOPRIC PASHRO.
   494 | D:1      | 494 ||| READING scroll labelled QAKOGU YVVA.
   495 | D:1      | 495 ||| DRINKING 2 yellow potions.
   503 | D:1      | 503 ||| DROPPING scroll of butterflies.
   504 | D:1      | 504 ||| DROPPING 2 scrolls of vulnerability.
   505 | D:1      | 505 ||| DROPPING potion of ambrosia.
   541 | D:2      | Reached XP level 3. HP: 20/20 MP: 5/5
   565 | D:2      | HP: 3/20 [gnoll/+0 halberd (5)]
   566 | D:2      | Mangled by a gnoll

Levels and vault maps discovered:
D:1:      matt_arrival_diagonals, layout_rooms,
          ebering_ecumenical_altar_abandoned
D:2:      layout_basic, uniq_crazy_yiuf_cottage, uniq_natasha

Skill      XL: |  1  2 |
---------------+-------+-----
Ranged Weapons | 6 |  6.9
Fighting       | |  1.5
Dodging        | |  2.4
Stealth        | |  1.2

Action                     || total
---------------------------++-------
   Fire: Shortbow          ||    61
    Use: Scroll            ||     5
         Potion            ||     1
 Armour: Leather armour    ||     3
  Dodge: Dodged            ||    13

Table legend:
 A = Non-vault XP
 B = Vault XP
 C = Vault XP percentage of total XP
 D = Non-vault monster count
 E = Vault monster count
 F = Vault count percentage of total count
                 A         B        C        D         E       F
            +---------+---------+-------+---------+---------+-------
      Total |      59 |       0 |   0.0 |      26 |       0 |   0.0
            +---------+---------+-------+---------+---------+-------
        D:1 |      36 |       0 |   0.0 |      21 |       0 |   0.0
        D:2 |      23 |       0 |   0.0 |       5 |       0 |   0.0
            +---------+---------+-------+---------+---------+-------
